AoeStats
← Super_Chloe

Arena

508693190Analyzed
1v1 RM · 9d ago on Sep 23, 2026· 43m 51s· 2 players
Game mode
Random Map
Map size
Tiny (2 player)
Population
200
Speed
Normal
Resources
Standard
Victory
Conquest
Starting age
Dark Age
Ending age
Imperial Age
RankedLock teamsTeams togetherTeam positionsShared explorationLock speedFull tech treeHidden civsTurbo modeCheats
Victory
Defeat
🇺🇸 Sicilians · United States
1010
+14
🇬🇧 Portuguese · United Kingdom
963
-14
georgeclay56789
11:52 Feudal Age
10:14 Loom
13:09 Wheelbarrow
12:30 Horse Collar
18:37 Castle Age
16:44 Stone Mining
17:00 Double-Bit Axe
17:25 Fletching
19:55 Hand Cart
22:29 Gold Mining
27:44 Imperial Age
26:11 Bloodlines
26:51 Forging
27:06 Murder Holes
27:56 Ballistics
29:17 Iron Casting
29:48 Chemistry
29:53 Conscription
31:42 Husbandry
32:53 Scale Barding Armor
32:26 Cavalier
33:15 Bodkin Arrow
33:56 Iron Casting
34:46 Elite Organ Gun
38:15 Blast Furnace
37:49 Pikeman
38:35 Scale Mail Armor
39:18 Bracer
38:43 Halberdier
42:39 Chain Mail Armor
Super_Chloe
11:01 Feudal Age
14:56 Castle Age
14:16 Double-Bit Axe
17:41 Loom
20:30 Horse Collar
24:56 Town Watch
26:35 Wheelbarrow
28:06 Bow Saw
27:49 Gold Mining
31:33 Imperial Age
29:08 Husbandry
29:18 Fletching
29:48 Hand Cart
30:20 Bloodlines
30:51 Town Patrol
31:26 Ballistics
31:23 Scale Barding Armor
31:23 Bodkin Arrow
31:42 Heavy Plow
31:35 Stone Mining
32:37 Conscription
32:24 Hauberk
33:12 Chain Barding Armor
32:43 Cavalier
34:12 Hoardings
34:43 Chemistry
35:17 Plate Barding Armor
34:14 Cranequins
36:02 Forging
37:47 Iron Casting
38:06 Heavy Mounted Crossbowman
39:58 Blast Furnace
40:01 Bracer
44:04 Siege Engineers
44:13 Padded Archer Armor
Connection lost

Rejoining the realm…

Still unreachable

The connection could not be restored.

Session expired

The server has moved on; the page needs a fresh start.